Description

This is a hyperagressive/cheesy build that punishes any zergs that are greedy. This build can transition or be completely allin, depending on if you build nukes, go for another expansion, etc. It is completely up to you, if you think you can finish the zerg off, go for it :D

VOD

https://www.youtube.com/watch?v=PCZsiDWk5xw

Replay - TVZ Astral Fire

Build Order

Get SALT Encoding   

  12  0:01  SCV  
  13  0:13  SCV  
  14  0:18  Supply Depot  
  14  0:25  SCV  
  15  0:32  Refinery  
  15  0:40  Barracks  
  15  0:44  SCV  
  16  0:53  Refinery  Scout after this gas
  16  0:56  SCV  
  17  1:08  SCV  
  18  1:20  SCV  
  19  1:30  Factory  
  19  1:35  Orbital Command  
  19  1:39  Barracks Reactor  
  19  1:54  Supply Depot  
  19  2:00  Ghost Academy  
  19  2:06  SCV  
  20  2:18  SCV  
  21  2:23  Barracks Tech Lab  
  21  2:24  Hellion x2  
  25  2:42  Supply Depot  
  25  2:46  Hellion x2  
  25  2:49  Ghost  
  31  3:05  Supply Depot  
  31  3:13  Hellion x2  
  35  3:26  Armory  
  35  3:34  Hellion  
  37  3:42  Ghost, Hellion  
  41  3:57  Hellion  
  39  4:11  Hellion  
  43  4:25  Ghost  
  45  4:35  Widow Mine  
  45  4:36  Widow Mine  
  47  5:05  Ghost, Hellion  
  47  5:06  Hellion  
  47  5:35  Ghost, Hellion x2  
  53  5:52  Command Center  
  47  6:23  Command Center  
  47  6:40  Ghost  
  47  6:41  Hellion  
  49  6:56  Hellion  
  51  7:05  Hellion  
  51  7:07  Starport  
  43  7:41  Ghost, Hellion x2  
  43  8:04  Hellion x2  
  43  8:17  Ghost  
  43  8:19  Orbital Command  
  43  8:29  Orbital Command  
  43  8:40  Hellion x2  
  47  8:42  Medivac  
  49  8:50  Ghost  
  49  9:14  Hellion x2, Medivac  
  55  9:35  Hellion  
Spawning Tool Build Advisor. Get it on Overwolf

Analysis

Use the first hellions to do as much damage as possible, without losing them. They should arrive right around the time when the zerg only has about 6 lings. Killing lings and forcing out more will do damage to their economy. Don't get greedy with the hellions.

Build armory after first ghost! One snipe can almost one shot a queen (5 hp less than the queen's hp), so any hellion damage you do on them will make the queen get one shotted by snipe. This is really effective, because you can use the hellions (soon to be hellbats) to defend the ghosts against the lings, while the ghosts snipe can defend against the queens.

When channeling the snipe, keep the ghost back, because if it gets hit when charging the snipe, it will cancel the ability and still use the energy.

If you see the zerg building spines, you can start a nuke to clear the way through it without having to sacrifice any hellbats.

If you do not want to build a nuke, you can build a starport and go into banshee. The way that you would do this is by stopping ghost production after the starport finishes and switching it onto the tech lab that the barracks used.

This build works especially well on maps with back door expansions, because you have a free expansion that you can take while you are attacking, without fear of counter-attack!

When you see a roach warren, you can build some mines to zone out the roaches. A roach gets close to one shot by a mine and it does splash damage.

Once you get a high enough ghost count, sniping anything is always worth while (besides lings of course). Queens, roaches, and overlords are very important to the zerg, so take them away >:).

Personally, I think that cloak is a waste, because it uses energy that you would want to use on snipes and you already have the hellbats to protect the ghosts.

Depending on if you want to transition or not, you can go into bio or mech. If you do not build a starport, you can build another factory and switch it with the barracks tech lab when finished, this will allow you to start a quick blue flame and tank production to be very defensive.

Overall this is a great build, I do not take credit for it though. Bakemonoda was the dashing fellow who made a video on this. I just decided to write it up!

Thanks for reading! ~MorN

Go to:

Details

  • Created by: bakemonoda
  • Published on: Dec 11, 2015
  • Modified on: Dec 11, 2015
  • Patch: Pre-3.8.0
Show
View Real Time Build Order
Export as new Build Order

Comments (3)

On Feb. 20, 2016, 6 a.m., TaLuS  said:

When I import the SALT encoding, the Reactor is missing! I play on Dusk Towers with SALT mod.
Also I seem to have not enough minerals and too much gas. Am I supposed to put less than 6 SCVs into Gas? Or just makro better? xD

On Jan. 11, 2016, 2:41 a.m., BearValley  said:

What a cool build! This is something completely new :)

On Dec. 22, 2015, 12:57 a.m., fullmetalbawie  said:

This build is F*** hilarious, thanks for sharing this gem.

Create an account to comment!